AoeStats
← Leiner97

Arabia

507751787Analyzed
1v1 RM · 13d ago on Sep 19, 2026· 24m 15s· 2 players
Game mode
Random Map
Map size
Tiny (2 player)
Population
200
Speed
Normal
Resources
Standard
Victory
Conquest
Starting age
Dark Age
Ending age
Imperial Age
RankedLock teamsTeams togetherTeam positionsShared explorationLock speedFull tech treeHidden civsTurbo modeCheats
Victory
Defeat
🇦🇷 Cumans · Argentina
835
+16
🇨🇱 Ethiopians · Chile
838
-16
Leiner97
6:23 Loom
11:29 Feudal Age
11:50 Horse Collar
12:51 Double-Bit Axe
19:21 Wheelbarrow
20:52 Forging
22:29 Scale Mail Armor
22:10 Man-at-Arms
Don_K4izo
0:30 Loom
10:41 Feudal Age
13:00 Double-Bit Axe
14:26 Horse Collar
16:20 Fletching
17:28 Wheelbarrow
17:36 Arson
23:33 Castle Age
22:16 Gold Mining
22:18 Stone Mining
Connection lost

Rejoining the realm…

Still unreachable

The connection could not be restored.

Session expired

The server has moved on; the page needs a fresh start.